[Event "Titled Tuesday Blitz August 16 Early 2022"]
[White "Schrik, Rachid"]
[Black "Maksimenko, Viktor"]
[WhiteFideId "1009818"]
[BlackFideId "13710478"]
[WhiteElo "2070"]
[BlackElo "2269"]
[Result "1-0"]
[Round "03"]
[TimeControl "180+2"]
[Date "2022.08.18"]
[WhiteClock "0:00:00"]
[BlackClock "0:00:00"]

1. d4 Nf6 2. c4 e6 3. Nc3 Bb4 4. a3 Bxc3+ 5. bxc3 O-O 6. f3 Ne8 7. e4 Nc6 8. Nh3 b6 9. Bd3 Ba6 10. e5 f5 11. f4 Na5 12. Ng5 h6 13. Qh5 hxg5 14. fxg5 g6 15. Qxg6+ Ng7 16. Qh6 Qe7 17. g6 Ne8 18. O-O Bxc4 19. Bxc4 Nxc4 20. Rf3 Qg7 21. Qh5 f4 22. Bxf4 Rf5 23. Qh3 c6 24. Bh6 Rxf3 25. Qxf3 Qxg6 26. Qf8+ Kh7 27. Bf4 Nc7 28. Qe7+ Qg7 29. Qh4+ Kg8 30. Bh6 Qg6 31. Rf1 Nd5 32. Rf3 Qb1+ 33. Rf1 Qg6 34. Rf3 Qb1+ 35. Rf1 Qh7 36. Qg5+ Kh8 37. Rf3 Rg8 38. Qh5 Qg6 39. Qh3 Qxh6 40. Qxh6# 1-0


[Site "https://www.chess.com"]

[Event "Titled Tuesday Blitz August 16 Early 2022"]
[White "Secer, Ata"]
[Black "Kuznetsova, Olga"]
[WhiteFideId "6303293"]
[BlackFideId "4191323"]
[WhiteElo "2282"]
[BlackElo "2134"]
[Result "1-0"]
[Round "03"]
[TimeControl "180+2"]
[Date "2022.08.18"]
[WhiteClock "0:00:00"]
[BlackClock "0:00:00"]

1. e4 e5 2. Nf3 Nf6 3. Nxe5 d6 4. Nf3 Nxe4 5. Nc3 Nxc3 6. dxc3 Be7 7. Bf4 Nc6 8. Qd2 Bf5 9. O-O-O Qd7 10. Kb1 O-O 11. h3 Rae8 12. g4 Be4 13. Bg2 f5 14. g5 Bd8 15. h4 Qe6 16. Rhe1 Qc4 17. b3 Qc5 18. Bh1 Rf7 19. Nd4 Nxd4 20. cxd4 Qb6 21. d5 c6 22. f3 cxd5 23. fxe4 dxe4 24. Bg2 Bc7 25. Bf1 a6 26. Bc4 1-0


[Site "https://www.chess.com"]

[Event "Titled Tuesday Blitz August 16 Early 2022"]
[White "Senthil Maran K"]
[Black "Sivakumar, Shaaketh"]
[WhiteFideId "25035681"]
[BlackFideId "30940176"]
[WhiteElo "2124"]
[BlackElo "1799"]
[Result "1-0"]
[Round "03"]
[TimeControl "180+2"]
[Date "2022.08.18"]
[WhiteClock "0:00:00"]
[BlackClock "0:00:00"]

1. c4 Nf6 2. g3 c5 3. Bg2 Nc6 4. Nf3 b6 5. O-O g6 6. b3 Bg7 7. Bb2 O-O 8. d4 cxd4 9. Nxd4 Bb7 10. Nc3 a6 11. Qd2 Qc7 12. Rac1 Nxd4 13. Qxd4 Bxg2 14. Kxg2 Qc6+ 15. f3 Ne8 16. Nd5 Qd6 17. Qd2 Bxb2 18. Qxb2 Nc7 19. Rfd1 Nxd5 20. Rxd5 Qe6 21. Qd2 d6 22. e4 Rac8 23. h4 h5 24. Qh6 Rc5 25. Rcd1 b5 26. Rxc5 dxc5 27. Qc1 bxc4 28. Qxc4 Qxc4 29. bxc4 Rb8 30. Rd5 Rb2+ 31. Kh3 Rxa2 32. Rxc5 Rf2 33. f4 Rc2 34. e5 Kg7 35. Rc7 a5 36. Rxe7 Rxc4 37. Ra7 Rc5 38. e6 Rf5 39. e7 1-0


[Site "https://www.chess.com"]

[Event "Titled Tuesday Blitz August 16 Early 2022"]
[White "Shashikant, Kutwal"]
[Black "Turayev, Shahruh"]
[WhiteFideId "5006520"]
[BlackFideId "14003856"]
[WhiteElo "2321"]
[BlackElo "2217"]
[Result "0-1"]
[Round "03"]
[TimeControl "180+2"]
[Date "2022.08.18"]
[WhiteClock "0:00:00"]
[BlackClock "0:00:00"]

1. e4 e6 2. Nf3 d5 3. Nc3 d4 4. Ne2 c5 5. c3 Nf6 6. d3 dxc3 7. bxc3 Nc6 8. Ng3 e5 9. Be2 Be7 10. O-O O-O 11. h3 Re8 12. Be3 b6 13. a4 Bf8 14. Nd2 g6 15. Nc4 Ba6 16. Qb3 h5 17. f4 Bh6 18. Bc1 h4 19. Nxe5 Nxe5 20. fxe5 Bxc1 21. Rxf6 Be3+ 22. Kh1 c4 23. dxc4 hxg3 24. Raf1 Rf8 25. e6 Bf2 26. e5 Qd2 27. exf7+ Kg7 28. Bf3 Qd3 29. Rd1 Qxc4 30. Qb1 Qxf7 31. Rxf7+ Rxf7 32. e6 Re7 33. Qe4 Rae8 34. Qe5+ Kh6 35. Bd5 Bc8 0-1


[Site "https://www.chess.com"]

[Event "Titled Tuesday Blitz August 16 Early 2022"]
[White "Shimanov, Aleksandr"]
[Black "Ronka, Erik"]
[WhiteFideId "4198603"]
[BlackFideId "505080"]
[WhiteElo "2605"]
[BlackElo "2264"]
[Result "1-0"]
[Round "03"]
[TimeControl "180+2"]
[Date "2022.08.18"]
[WhiteClock "0:00:00"]
[BlackClock "0:00:00"]

1. e4 c6 2. d4 d5 3. Nc3 dxe4 4. Nge2 e5 5. dxe5 Qxd1+ 6. Kxd1 Nd7 7. Bf4 Ne7 8. e6 fxe6 9. Nxe4 Ng6 10. Bg3 Nc5 11. N2c3 e5 12. Nxc5 Bxc5 13. Bd3 Bd4 14. Kc1 O-O 15. Ne4 Nf4 16. Bxf4 exf4 17. c3 Bb6 18. f3 Bf5 19. Kc2 Bxe4 20. Bxe4 Rad8 21. Rhd1 Be3 22. a4 a5 23. b4 axb4 24. cxb4 g6 25. Kb3 Kf7 26. a5 Ke7 27. Rxd8 Rxd8 28. a6 bxa6 29. Rxa6 Rd2 30. Rxc6 Rxg2 31. Rc7+ Kf6 32. Rxh7 Bg1 33. h3 Be3 34. b5 Ke6 35. Rh6 Kd6 36. Rxg6+ Rxg6 37. Bxg6 Kc5 38. Be8 Bd4 39. h4 Bf6 40. h5 Be5 41. h6 Bf6 42. Kc2 Bd4 43. Kd3 Kd5 44. h7 Bh8 45. b6 1-0


[Site "https://www.chess.com"]

[Event "Titled Tuesday Blitz August 16 Early 2022"]
[White "Shukhman, Anna"]
[Black "Melaugh, Shane"]
[WhiteFideId "54180058"]
[BlackFideId "2509580"]
[WhiteElo "1726"]
[BlackElo "1946"]
[Result "0-1"]
[Round "03"]
[TimeControl "180+2"]
[Date "2022.08.18"]
[WhiteClock "0:00:00"]
[BlackClock "0:00:00"]

1. e4 d6 2. d4 Nf6 3. Nc3 Nbd7 4. f4 e5 5. dxe5 dxe5 6. f5 Bb4 7. Bd3 Nc5 8. Ne2 Ncxe4 9. Bxe4 Nxe4 10. Qxd8+ Kxd8 11. Be3 Nxc3 12. Nxc3 Bxc3+ 13. bxc3 Bxf5 14. O-O-O+ Kc8 15. Rhf1 Be6 16. Kb2 b6 17. h3 Kb7 18. Bg1 Rad8 19. Bh2 f6 20. g4 h6 21. Bg3 c5 22. a3 Kc6 23. Rfe1 Bd5 24. h4 Bf3 25. Rxd8 Rxd8 26. g5 hxg5 27. hxg5 e4 28. gxf6 gxf6 29. Bf4 Rg8 30. c4 Rg4 31. Be3 f5 32. Kc3 f4 33. Bc1 Kd6 34. Rf1 Ke5 35. a4 Rg3 36. Bb2 Be2+ 37. Kd2+ Kf5 38. Kxe2 Rg2+ 39. Rf2 f3+ 40. Ke3 Rg1 41. Bc3 Rh1 42. Rd2 Re1+ 43. Kf2 Rc1 44. Rd5+ Kg4 45. Rd2 Kf4 46. Re2 e3+ 47. Rxe3 Rxc2+ 48. Ke1 Kxe3 0-1


[Site "https://www.chess.com"]

[Event "Titled Tuesday Blitz August 16 Early 2022"]
[White "Silva, Kevin Ranidu"]
[Black "Derjabin, Ilja"]
[WhiteFideId "9935258"]
[BlackFideId "14104768"]
[WhiteElo "1626"]
[BlackElo "2341"]
[Result "1-0"]
[Round "03"]
[TimeControl "180+2"]
[Date "2022.08.18"]
[WhiteClock "0:00:00"]
[BlackClock "0:00:00"]

1. e4 c5 2. Nf3 d6 3. Bb5+ Bd7 4. Bxd7+ Qxd7 5. b3 Nf6 6. Qe2 e5 7. O-O Be7 8. Bb2 O-O 9. c3 Nc6 10. d4 Rfe8 11. dxe5 dxe5 12. Nbd2 Rad8 13. Rfd1 Qd3 14. Qxd3 Rxd3 15. Kf1 Red8 16. Ke2 b5 17. Ne1 R3d7 18. f3 Nh5 19. g3 Bg5 20. Nf1 Rxd1 21. Rxd1 Rxd1 22. Kxd1 g6 23. c4 bxc4 24. bxc4 Na5 25. Bxe5 Nxc4 26. Bb8 a5 27. Kc2 Ng7 28. f4 Be7 29. Kb3 Nb6 30. Bc7 c4+ 31. Kc2 Bc5 32. Nd2 Ne6 33. Bxb6 Bxb6 34. Nxc4 Bf2 35. Nf3 a4 36. Nb2 a3 37. Nc4 Bc5 38. Kb3 h5 39. Nxa3 Nd4+ 40. Nxd4 Bxd4 41. f5 Kg7 42. Kc4 Bg1 43. h3 Kf6 44. fxg6 fxg6 45. Kd5 Bh2 46. g4 h4 47. Nc4 Kg5 48. e5 Bf4 49. a4 Bg3 50. a5 Bf2 51. Kd6 Be1 52. a6 Bf2 53. e6 Kf6 54. e7 1-0


[Site "https://www.chess.com"]

[Event "Titled Tuesday Blitz August 16 Early 2022"]
[White "Simonovic, Miroslav"]
[Black "Carrasco Miranda, Andres"]
[WhiteFideId "919152"]
[BlackFideId "3405990"]
[WhiteElo "2043"]
[BlackElo "2177"]
[Result "1-0"]
[Round "03"]
[TimeControl "180+2"]
[Date "2022.08.18"]
[WhiteClock "0:00:00"]
[BlackClock "0:00:00"]

1. d4 Nf6 2. Bg5 Ne4 3. h4 c5 4. dxc5 Qa5+ 5. Nd2 e6 6. c3 Nxg5 7. b4 Qa3 8. Qb3 Qxb3 9. axb3 Be7 10. hxg5 Bxg5 11. e3 Bf6 12. Ne4 Nc6 13. Nxf6+ gxf6 14. Rh6 Ke7 15. Bd3 f5 16. Nf3 f6 17. Ke2 Kf7 18. Rah1 Kg7 19. g4 fxg4 20. Rxh7+ Rxh7 21. Rxh7+ Kg8 22. Nd4 f5 23. Rh1 Ne5 24. b5 b6 25. c6 dxc6 26. bxc6 Nxd3 27. Kxd3 e5 28. Nb5 Ba6 29. c4 Rc8 30. Rh6 Kg7 31. Rd6 f4 32. Rd7+ Kf6 33. Rxa7 Bxb5 34. cxb5 g3 35. fxg3 fxg3 36. Ke2 e4 37. Kf1 Kf5 38. Kg2 Ke5 39. Rb7 Kd5 40. Rxb6 Kc5 41. Rb7 Kb4 42. c7 Kc5 43. b6 1-0


[Site "https://www.chess.com"]

[Event "Titled Tuesday Blitz August 16 Early 2022"]
[White "Siniauski, Artsiom"]
[Black "Lakshmi C"]
[WhiteFideId "13512269"]
[BlackFideId "25035347"]
[WhiteElo "2139"]
[BlackElo "1775"]
[Result "1-0"]
[Round "03"]
[TimeControl "180+2"]
[Date "2022.08.18"]
[WhiteClock "0:00:00"]
[BlackClock "0:00:00"]

1. e4 c5 2. Nf3 Nc6 3. Bb5 g6 4. Bxc6 bxc6 5. O-O Bg7 6. Re1 e5 7. c3 d6 8. d4 cxd4 9. cxd4 exd4 10. Nxd4 Ne7 11. Nc3 O-O 12. Bg5 f6 13. Bf4 Qd7 14. Nb3 Kh8 15. Qxd6 Qe8 16. Rad1 Bg4 17. f3 Bc8 18. Nc5 g5 19. Bg3 Ng6 20. Qc7 h5 21. h3 g4 22. hxg4 hxg4 23. Kf2 gxf3 24. gxf3 Kg8 25. Bh2 f5 26. exf5 1-0


[Site "https://www.chess.com"]

[Event "Titled Tuesday Blitz August 16 Early 2022"]
[White "Skawinski, Arkadiusz"]
[Black "Gubanov, Oleg"]
[WhiteFideId "1126415"]
[BlackFideId "14115115"]
[WhiteElo "2149"]
[BlackElo "2080"]
[Result "1-0"]
[Round "03"]
[TimeControl "180+2"]
[Date "2022.08.18"]
[WhiteClock "0:00:00"]
[BlackClock "0:00:00"]

1. e4 Nf6 2. e5 Nd5 3. Nc3 Nxc3 4. bxc3 d6 5. f4 Nc6 6. Nf3 dxe5 7. fxe5 Qd5 8. d4 Bg4 9. Bd3 Bxf3 10. Qxf3 Qxf3 11. gxf3 O-O-O 12. f4 e6 13. f5 g6 14. fxe6 fxe6 15. O-O Ne7 16. Bg5 Rd7 17. Rf6 Nd5 18. Rxe6 Nxc3 19. Re8+ 1-0


[Site "https://www.chess.com"]

[Event "Titled Tuesday Blitz August 16 Early 2022"]
[White "Skliarov, Viktor"]
[Black "Sargissyan, Sargis"]
[WhiteFideId "14106736"]
[BlackFideId "13303210"]
[WhiteElo "2257"]
[BlackElo "2102"]
[Result "1-0"]
[Round "03"]
[TimeControl "180+2"]
[Date "2022.08.18"]
[WhiteClock "0:00:00"]
[BlackClock "0:00:00"]

1. e4 c5 2. Nf3 d6 3. d4 cxd4 4. Qxd4 Nf6 5. Nc3 Nc6 6. Bb5 Bd7 7. Bxc6 Bxc6 8. Bg5 e6 9. O-O-O Be7 10. Rhe1 Qc7 11. Kb1 O-O 12. Qd3 b5 13. Nd4 b4 14. Ncb5 Bxb5 15. Nxb5 Qc5 16. Be3 Qc6 17. f3 d5 18. e5 Nd7 19. f4 Nc5 20. Bxc5 Bxc5 21. g4 Rfc8 22. Re2 a5 23. f5 a4 24. f6 Ra5 25. Nd4 Bxd4 26. Qxd4 b3 27. Rc1 bxa2+ 28. Ka1 a3 29. b3 Qc3+ 30. Qxc3 Rxc3 31. Kxa2 gxf6 32. exf6 Rf3 33. g5 d4 34. h4 Rf4 35. Rh1 e5 36. b4 Rd5 37. Kxa3 d3 38. cxd3 Rxd3+ 39. Ka4 Rdd4 40. Rb2 Rd8 41. h5 Rg4 42. h6 Rxg5 43. b5 e4 44. Re1 Re5 45. Rg2+ Kf8 46. Rg7 e3 47. Rxh7 1-0


[Site "https://www.chess.com"]

[Event "Titled Tuesday Blitz August 16 Early 2022"]
[White "Sourath Biswas"]
[Black "Liu, Casper"]
[WhiteFideId "35091484"]
[BlackFideId "1454153"]
[WhiteElo "1777"]
[BlackElo "2025"]
[Result "1-0"]
[Round "03"]
[TimeControl "180+2"]
[Date "2022.08.18"]
[WhiteClock "0:00:00"]
[BlackClock "0:00:00"]

1. d4 d5 2. Bf4 h5 3. Nf3 Nc6 4. e3 Bf5 5. Bb5 f6 6. Nh4 Bg4 7. Qd3 g5 8. Ng6 Rh6 9. Nxf8 Kxf8 10. h3 gxf4 11. hxg4 hxg4 12. Rxh6 Nxh6 13. Qg6 Nf7 14. Qxg4 fxe3 15. fxe3 Qd6 16. Nc3 Qh2 17. O-O-O Rd8 18. Rf1 Qh6 19. Nd1 Ng5 20. Qf4 Nf7 21. Qxc7 Nxd4 22. Bd3 Rd6 23. Qb8+ Nd8 24. Qxa7 N4c6 25. Qa4 Ne5 26. Qf4 Qh5 27. Nf2 Rc6 28. g4 1-0


[Site "https://www.chess.com"]

[Event "Titled Tuesday Blitz August 16 Early 2022"]
[White "Suder, Jakub"]
[Black "Zenin, Dmitry"]
[WhiteFideId "1195310"]
[BlackFideId "4127897"]
[WhiteElo "2095"]
[BlackElo "2215"]
[Result "1-0"]
[Round "03"]
[TimeControl "180+2"]
[Date "2022.08.18"]
[WhiteClock "0:00:00"]
[BlackClock "0:00:00"]

1. d4 Nf6 2. c4 g6 3. Nc3 Bg7 4. e4 d6 5. Nf3 O-O 6. Be2 Na6 7. O-O e5 8. d5 Nc5 9. Qc2 a5 10. Ne1 Ne8 11. Be3 b6 12. a3 f5 13. f3 Bd7 14. Nd3 Nf6 15. Nf2 a4 16. Rad1 Nb3 17. exf5 gxf5 18. f4 Qe7 19. Kh1 Rae8 20. fxe5 dxe5 21. Bg5 Qf7 22. Nb5 Bxb5 23. cxb5 Nd4 24. Rxd4 exd4 25. Bc4 Kh8 26. Bf4 Nxd5 27. Nd3 Qd7 28. Bxd5 Qxd5 29. Qxc7 Qxb5 30. Qc2 Rc8 31. Qd2 Rfe8 32. h4 Re4 33. h5 Qc6 34. h6 Bf6 35. Nf2 Ree8 36. Qb4 Qc4 37. Qxc4 Rxc4 38. Nd3 Rc2 39. Bd6 Re3 40. Rxf5 Rxd3 41. Rxf6 Rc8 42. Rf7 Re3 43. Be7 Rxe7 44. Rxe7 Rd8 45. Re2 Kg8 46. g4 Kf7 47. Kg2 Kg6 48. Re6+ Kg5 49. Kf2 d3 50. Ke1 Kxg4 51. Rxb6 Rd4 52. Kd2 Kf3 53. Rb7 Rh4 54. Rxh7 Rh2+ 55. Kxd3 Rxb2 56. Rf7+ Kg4 57. h7 Rh2 58. Kc4 Kg5 59. Kb4 Rh4+ 60. Kb5 Kg6 61. Rc7 Kf6 62. Rc4 Rxh7 63. Kxa4 Ke6 64. Rd4 Rh1 65. Ka5 Rb1 66. a4 Ke7 67. Ka6 Rb2 68. a5 Rb1 69. Ka7 Rb2 70. a6 Rb1 71. Ka8 Rb2 72. a7 Rb1 73. Rd2 Rb3 74. Rd5 Rb2 75. Rd1 Rb3 76. Rh1 Kd7 77. Rh8 Kc7 78. Rb8 Rh3 79. Rg8 Rb3 80. Rg7+ Kc8 81. Rg8+ Kc7 82. Rb8 Rh3 83. Rb7+ Kc8 84. Rb2 Rh7 85. Rc2+ Kd8 86. Kb8 1-0


[Site "https://www.chess.com"]

[Event "Titled Tuesday Blitz August 16 Early 2022"]
[White "Sultana, Sharmin Shirin"]
[Black "Garrido, Denis"]
[WhiteFideId "10204482"]
[BlackFideId "601217"]
[WhiteElo "1987"]
[BlackElo "2205"]
[Result "0-1"]
[Round "03"]
[TimeControl "180+2"]
[Date "2022.08.18"]
[WhiteClock "0:00:00"]
[BlackClock "0:00:00"]

1. d4 Nf6 2. c4 c5 3. d5 d6 4. Nc3 g6 5. e4 Bg7 6. Be2 O-O 7. h4 e6 8. h5 exd5 9. exd5 Re8 10. Be3 b5 11. hxg6 hxg6 12. cxb5 a6 13. b6 Rxe3 14. fxe3 Qxb6 15. Qd2 Bf5 16. Nf3 Nbd7 17. Rc1 Re8 18. Nh4 Ne4 19. Nxe4 Bxe4 20. b3 Ne5 21. O-O Qd8 22. Nf3 Ng4 23. Bxa6 Bh6 24. Rce1 Qf6 25. Nh2 Qh4 26. Nxg4 Qxg4 27. Bb5 Re5 28. Re2 Rh5 29. Bd3 Bxd5 30. Bc4 Bxc4 31. bxc4 Qxc4 32. Ref2 Qe6 33. Rf3 Re5 34. Qa5 Bxe3+ 35. Kh2 Rh5+ 36. Rh3 Qe5+ 37. g3 Rxh3+ 38. Kxh3 Qh5+ 0-1


[Site "https://www.chess.com"]

[Event "Titled Tuesday Blitz August 16 Early 2022"]
[White "Tanenbaum, Zachary"]
[Black "Rangel, Daniel"]
[WhiteFideId "2060850"]
[BlackFideId "2124475"]
[WhiteElo "2175"]
[BlackElo "2225"]
[Result "1-0"]
[Round "03"]
[TimeControl "180+2"]
[Date "2022.08.18"]
[WhiteClock "0:00:00"]
[BlackClock "0:00:00"]

1. e4 c5 2. Nf3 d6 3. d4 cxd4 4. Nxd4 Nf6 5. Nc3 g6 6. Be3 Bg7 7. f3 O-O 8. Qd2 Nc6 9. g4 Nxd4 10. Bxd4 Be6 11. O-O-O Qa5 12. a3 Rfc8 13. h4 Rab8 14. Nd5 Qxd2+ 15. Rxd2 Nxd5 16. exd5 Bxd5 17. Bxg7 Bxf3 18. Rh3 Bxg4 19. Rg3 Kxg7 20. Rxg4 Rc7 21. Bd3 e6 22. c4 b5 23. Rc2 bxc4 24. Rgxc4 Rxc4 25. Rxc4 Rb7 26. Rc6 d5 27. b4 h6 28. b5 g5 29. hxg5 hxg5 30. a4 g4 31. Kd2 Kf6 32. a5 Kg5 33. b6 axb6 34. axb6 g3 35. Ke3 Kh4 36. Ba6 Rb8 37. b7 Rg8 38. Rc8 Rg4 39. Rh8+ Kg5 40. Rg8+ Kf5 41. Rxg4 Kxg4 42. b8=Q g2 43. Qf4+ Kh3 44. Kf2 1-0


[Site "https://www.chess.com"]

[Event "Titled Tuesday Blitz August 16 Early 2022"]
[White "Tarasova, Viktoriya"]
[Black "Sirosh, Ilja"]
[WhiteFideId "4175840"]
[BlackFideId "4500458"]
[WhiteElo "2182"]
[BlackElo "2255"]
[Result "0-1"]
[Round "03"]
[TimeControl "180+2"]
[Date "2022.08.18"]
[WhiteClock "0:00:00"]
[BlackClock "0:00:00"]

1. d4 Nf6 2. c4 g6 3. Nc3 c5 4. d5 Bg7 5. e4 d6 6. Nf3 O-O 7. Be2 e6 8. O-O exd5 9. exd5 Re8 10. h3 Ne4 11. Nxe4 Rxe4 12. Bd3 Re8 13. Re1 Rxe1+ 14. Qxe1 Nd7 15. Rb1 Ne5 16. Nxe5 Bxe5 17. b3 Bd7 18. Bb2 Bxb2 19. Rxb2 Qf6 20. Re2 Kf8 21. Qd2 Re8 22. Rxe8+ Bxe8 23. Kh2 h5 24. Qh6+ Ke7 25. Qe3+ Kd8 26. g3 h4 27. g4 g5 28. Bf5 b5 29. cxb5 Bxb5 30. Qd2 Ke7 31. Kg2 Kf8 32. Qa5 Be2 33. Qd2 Qe5 34. Qe3 Qxd5+ 35. Be4 Qe5 36. Qxe2 d5 37. Bf3 Qd4 38. Qa6 c4 39. Qc8+ Kg7 40. bxc4 dxc4 41. Qf5 f6 42. Be4 c3 43. Qg6+ Kf8 44. Bc2 Ke7 45. a4 Kd6 46. Qg7 Qd5+ 47. Kg1 Qd4 48. Qf8+ Ke5 49. Qb8+ Ke6 50. Bf5+ Ke7 51. Qb7+ Kd8 52. Qb8+ Ke7 53. Qb7+ Kd8 54. Qb3 Kc7 55. Qf7+ Kb6 56. Qb3+ Kc7 57. Kg2 a5 58. Qf7+ Kb6 59. Qe6+ Kc5 60. Qc8+ Kb4 61. Qc6 Ka3 62. Qb5 Qd2 63. Be6 Qd1 64. Qc5+ Kb2 65. Qb5+ Kc1 66. Qxa5 c2 67. Bb3 Qd2 68. Bxc2 Qxa5 0-1


[Site "https://www.chess.com"]

[Event "Titled Tuesday Blitz August 16 Early 2022"]
[White "Taspinar, Yanki"]
[Black "Santeramo, Alessia Carmen"]
[WhiteFideId "34561188"]
[BlackFideId "850810"]
[WhiteElo "1549"]
[BlackElo "2041"]
[Result "0-1"]
[Round "03"]
[TimeControl "180+2"]
[Date "2022.08.18"]
[WhiteClock "0:00:00"]
[BlackClock "0:00:00"]

1. Nf3 Nf6 2. g3 d5 3. Bg2 c5 4. O-O h6 5. d4 cxd4 6. Nxd4 e5 7. Nb3 Be6 8. c4 Nc6 9. cxd5 Bxd5 10. Nc3 Bxg2 11. Kxg2 Be7 12. Be3 O-O 13. Rc1 Ng4 14. Bc5 Bxc5 15. Nxc5 b6 16. N5e4 Rc8 17. e3 Qxd1 18. Rfxd1 Na5 19. Nd5 Rxc1 20. Rxc1 Rd8 21. Nec3 Nc4 22. b3 Na5 23. h3 Nf6 24. Nxf6+ gxf6 25. Rc2 Kf8 26. Kf3 Ke7 27. Ke4 Ke6 28. g4 Nc6 29. Nb5 Nb4 30. Nxa7 Nxc2 31. Nc6 Rd7 32. f4 exf4 33. exf4 Kd6 34. Nb8 Re7+ 35. Kf5 Nb4 36. a3 Nd3 37. Na6 Nc5 38. Nb4 Nxb3 39. Kxf6 Re6+ 40. Kf5 Nd4# 0-1


[Site "https://www.chess.com"]

[Event "Titled Tuesday Blitz August 16 Early 2022"]
[White "Terry, Renato"]
[Black "Yaniuk, Volodymyr"]
[WhiteFideId "3803457"]
[BlackFideId "14133083"]
[WhiteElo "2577"]
[BlackElo "2141"]
[Result "1-0"]
[Round "03"]
[TimeControl "180+2"]
[Date "2022.08.18"]
[WhiteClock "0:00:00"]
[BlackClock "0:00:00"]

1. e4 e5 2. Nf3 Nc6 3. c3 Nf6 4. d4 exd4 5. e5 Nd5 6. Qb3 Nb6 7. cxd4 d5 8. Bb5 Bg4 9. Nbd2 Be7 10. Bxc6+ bxc6 11. Qc2 O-O 12. O-O Nc4 13. b3 Nxd2 14. Nxd2 Qd7 15. a4 Bf5 16. Qc3 c5 17. Ba3 cxd4 18. Qxd4 Bxa3 19. Rxa3 Qe7 20. Ra2 Rfe8 21. f4 c6 22. Rc1 Rec8 23. Qc5 Qb7 24. b4 Rab8 25. Rb2 h6 26. h3 Qb6 27. Nf3 Be4 28. Nd4 Bd3 29. a5 Qxc5 30. Rxc5 Bc4 31. Nxc6 Rb7 32. Ne7+ Rxe7 33. Rxc8+ Kh7 34. b5 g5 35. g3 gxf4 36. gxf4 Kg6 37. b6 axb6 38. axb6 Rb7 39. Rc6+ Kf5 40. Rc7 Rb8 41. Rxf7+ Ke4 42. e6 Rg8+ 43. Kh2 d4 44. b7 Ra8 45. bxa8=Q+ 1-0


[Site "https://www.chess.com"]

[Event "Titled Tuesday Blitz August 16 Early 2022"]
[White "Tifferet, Shaked"]
[Black "Ziatdinov, Raset"]
[WhiteFideId "2811529"]
[BlackFideId "2015323"]
[WhiteElo "2083"]
[BlackElo "2220"]
[Result "0-1"]
[Round "03"]
[TimeControl "180+2"]
[Date "2022.08.18"]
[WhiteClock "0:00:00"]
[BlackClock "0:00:00"]

1. e4 e6 2. b3 d5 3. Bb2 dxe4 4. Nc3 Nf6 5. Qe2 Nc6 6. O-O-O a6 7. Nxe4 Be7 8. g4 h6 9. Bg2 Nd5 10. Nh3 b6 11. c4 Ndb4 12. Kb1 Nd4 13. Qe3 Nbc2 14. Qd3 c5 15. Nxc5 Rb8 16. Ne4 Bb7 17. Rc1 Na3+ 18. Ka1 Ndc2+ 19. Qxc2 Nxc2+ 20. Rxc2 Qd3 21. Rc3 Qd7 22. Nf4 O-O 23. h4 Qc8 24. g5 Bxe4 25. Bxe4 Bd6 26. Nh5 Be5 27. gxh6 g6 28. f4 Bxc3 29. Bxc3 f5 30. Rg1 fxe4 31. Rxg6+ Kh7 32. Rg7+ Kxh6 33. Rg5 Qd7 34. Ng3 Rxf4 35. Be5 Rbf8 36. Rh5+ Kg6 37. Rg5+ Kf7 38. Rg7+ Ke8 39. Rxd7 Kxd7 40. Bxf4 Rxf4 41. h5 Rg4 42. Ne2 Rh4 43. Ng3 Kd6 44. Kb2 Ke5 45. Kc3 Rh3 46. Kb4 Rxg3 47. c5 bxc5+ 48. Ka5 Rd3 49. Kxa6 Rxd2 50. a4 Rb2 51. Kb5 Rxb3+ 52. Kxc5 Rh3 53. a5 Rxh5 54. a6 Rh8 55. a7 Ra8 56. Kb6 Rxa7 57. Kxa7 e3 58. Kb6 e2 59. Kc5 e1=Q 60. Kc4 Kf4 61. Kd3 e5 62. Kc2 e4 63. Kb2 e3 64. Kc2 e2 65. Kd3 Qd1+ 66. Kc3 e1=Q+ 67. Kb2 Qe3 68. Ka2 Qdd2+ 0-1


[Site "https://www.chess.com"]

[Event "Titled Tuesday Blitz August 16 Early 2022"]
[White "Urbina Perez, Juan Antonio"]
[Black "Gomez Ledo, Roberto Carlos"]
[WhiteFideId "2217368"]
[BlackFideId "3507076"]
[WhiteElo "2192"]
[BlackElo "2379"]
[Result "0-1"]
[Round "03"]
[TimeControl "180+2"]
[Date "2022.08.18"]
[WhiteClock "0:00:00"]
[BlackClock "0:00:00"]

1. e4 e5 2. Nf3 Nc6 3. Bb5 a6 4. Ba4 Nf6 5. d3 d6 6. O-O g6 7. c3 Bg7 8. Nbd2 O-O 9. Re1 Kh8 10. Nf1 Ng8 11. d4 Qe7 12. Bxc6 bxc6 13. dxe5 dxe5 14. Qa4 Bd7 15. Qc4 f5 16. Be3 Rfe8 17. exf5 gxf5 18. Bc5 Qf6 19. Ng3 Be6 20. Qa4 Bf7 21. Qh4 Qg6 22. Qg5 Nh6 23. Qxg6 hxg6 24. Ng5 Bg8 25. b3 Ng4 26. Rad1 Rad8 27. h3 Rxd1 28. Rxd1 Nf6 29. c4 Bh6 30. Nf3 Kg7 31. Re1 Nd7 32. Bb4 Kf7 33. Bc3 Bg7 34. Ng5+ Kf8 35. Nf1 Bf6 36. Nf3 c5 37. Ne3 c6 38. Nd1 Re6 39. Nb2 e4 40. Bxf6 Rxf6 41. Nd2 Rd6 42. Rd1 Ne5 43. Nb1 Rd4 44. Kf1 Ke7 45. Nc3 Be6 46. Nca4 Nd7 47. Ke2 g5 48. Rd2 f4 49. Nc3 Bf5 50. Nca4 Kd6 51. Nd1 Ne5 52. Ndc3 g4 53. hxg4 Bxg4+ 54. Ke1 e3 55. fxe3 fxe3 56. Ne4+ Ke7 57. Rxd4 cxd4 58. Nec5 Kd6 59. Ne4+ Ke7 60. Nac5 d3 61. Nxd3 Nxd3+ 62. Kf1 e2+ 63. Kg1 e1=Q+ 64. Kh2 Qxe4 65. Kg3 Qe3+ 66. Kh4 Nc1 67. c5 Be2 68. b4 Bb5 69. a4 Qd4+ 70. g4 Qxb4 71. axb5 Qxb5 72. Kh5 Qxc5+ 73. g5 Qf5 74. Kh6 Kf7 75. g6+ Qxg6# 0-1


[Site "https://www.chess.com"]

[Event "Titled Tuesday Blitz August 16 Early 2022"]
[White "Vachylia, Andrii"]
[Black "Lobanov, Sergei"]
[WhiteFideId "14137224"]
[BlackFideId "24183750"]
[WhiteElo "2318"]
[BlackElo "2524"]
[Result "1-0"]
[Round "03"]
[TimeControl "180+1"]
[Date "2022.08.16"]
[WhiteClock "0:00:15"]
[BlackClock "0:00:03"]

1. e4 e5 2. Nf3 Nc6 3. d4 exd4 4. Bc4 Nf6 5. e5 Ne4 6. Qe2 Nc5 7. c3 dxc3 8. Nxc3 Be7 9. O-O O-O 10. Bf4 d6 11. Rad1 Bg4 12. Nb5 Ne6 13. Bg3 a6 14. exd6 cxd6 15. Bxe6 Bxf3 16. gxf3 axb5 17. Bd5 Bf6 18. Qxb5 Nd4 19. Qxb7 Rb8 20. Qa6 Rb6 21. Qc4 Nf5 22. b4 h5 23. a4 h4 24. Bf4 Bg5 25. a5 Rb8 26. a6 Rc8 27. Qe4 Qf6 28. a7 h3 29. Kh1 Nh4 30. Bxg5 Qxg5 31. Rg1 Qf6 32. a8=Q Rxa8 33. Bxa8 g6 34. b5 Rc8 35. Bd5 Kg7 36. b6 Rb8 37. b7 Ng2 38. Ra1 Qb2 39. Ra8 Rxb7 40. Bxb7 Qxf2 41. Qe8 Kf6 42. Qh8+ Kg5 43. Qxh3 1-0


[Site "https://www.chess.com"]

[Event "Titled Tuesday Blitz August 16 Early 2022"]
[White "Vakhlamov, Igor L."]
[Black "Malyi, Viacheslav"]
[WhiteFideId "24126748"]
[BlackFideId "14123983"]
[WhiteElo "2401"]
[BlackElo "2190"]
[Result "1-0"]
[Round "03"]
[TimeControl "180+2"]
[Date "2022.08.18"]
[WhiteClock "0:00:00"]
[BlackClock "0:00:00"]

1. e4 e5 2. Nf3 Nc6 3. Nc3 Nf6 4. Bb5 Bb4 5. Nd5 Be7 6. Nxe7 Qxe7 7. O-O O-O 8. Re1 d6 9. h3 a6 10. Bf1 Nd8 11. c3 c5 12. d4 Nc6 13. a4 h6 14. g3 Re8 15. Bg2 Bd7 16. d5 Nb8 17. b4 b6 18. a5 cxb4 19. cxb4 Bb5 20. axb6 Nbd7 21. Nh4 Nxb6 22. Nf5 Qd7 23. Qf3 Qd8 24. h4 Nc4 25. Bf1 Nb6 26. Be3 Nc4 27. Bc1 Nb6 28. Ra5 Nc4 29. Ra2 Nb6 30. Be3 Nc4 31. Bxc4 Bxc4 32. Rc2 Bd3 33. Bxh6 Bxc2 34. Bxg7 Bxe4 35. Rxe4 Nxe4 36. Qxe4 f6 37. Qg4 Kf7 38. Qh5+ Kg8 39. Qg6 Ra7 40. Nh6# 1-0


[Site "https://www.chess.com"]